 Dungeon Sprint DCSS version 0.32-a0-616-g9348d4545b (webtiles) character file.

Game seed: 6504140023004388198

11388 snetch the Shatterer (level 11, -1/186 HPs)
             Began as a Minotaur Berserker on Mar 5, 2024.
             Was the Champion of Trog.
             Slain by an orc warrior
             ... wielding a +0 glaive
              (19 damage)
             ... in the Dungeon (Sprint IX: "|||||||||||||||||||||||||||||").
             The game lasted 00:04:51 (1069 turns).

snetch the Shatterer (Minotaur Berserker)           Turns: 1069, Time: 00:04:52

Health: -1/186     AC: 21    Str: 26    XL:     11   Next: 48%
Magic:  10/10      EV: 14    Int:  4    God:    Trog [******]
Gold:   694        SH:  0    Dex: 10    Spells: 10/10 levels left

rFire   . . .        i - +1 great mace (heavy)
rCold   . . .        (shield currently unavailable)
rNeg    . . .        u - +0 plate armour
rPois   .            (helmet restricted)
rElec   .            y - +0 cloak
rCorr   .            q - +0 pair of gloves
SInv    .            a - +0 pair of boots
Will    .....        (no amulet) Stlth
                     s - +2 ring of evasion
HPRegen 0.51/turn    t - +2 ring of evasion
MPRegen 0.12/turn

%: no teleportation
@: berserking, very quick
A: horns 2, retaliatory headbutt
a: Renounce Religion, Berserk, Trog's Hand, Brothers in Arms


You were in the Dungeon.
You worshipped Trog.
Trog was exalted by your worship.
You visited 1 branch You collected 694 gold pieces.

Inventory:

Hand Weapons
 i - a +1 heavy great mace (weapon)
 j - a +1 heavy broad axe
 m - a +2 morningstar of protection
 n - a +4 spectral quarterstaff
 p - a +2 scimitar of holy wrath
 r - a +2 antimagic glaive
Missiles
 o - 4 stones (quivered)
 z - 2 boomerangs
Armour
 a - a +0 pair of boots (worn)
 q - a +0 pair of gloves (worn)
 u - a +0 plate armour (worn)
 y - a +0 cloak (worn)
Jewellery
 s - a +2 ring of evasion (left hand)
 t - a +2 ring of evasion (right hand)
Wands
 k - a wand of acid (10)
Scrolls
 h - 3 scrolls of blinking
 v - a scroll of fear
 w - 4 scrolls of enchant weapon
 x - 3 scrolls of enchant armour
Potions
 b - a potion of invisibility
 c - 6 potions of curing
 d - 5 potions of heal wounds
 e - 2 potions of haste
 f - 4 potions of magic
 g - a potion of mutation
 l - a potion of berserk rage


   Skills:
 + Level 20.0 Fighting
 + Level 21.1 Maces & Flails
 + Level 14.2 Armour
 + Level 9.6 Dodging
 + Level 2.3 Stealth
 + Level 4.4 Shields


You had 10 spell levels left.
You didn't know any spells.
Your spell library was empty.

Dungeon Overview and Level Annotations

Branches:
Dungeon (1/1)

Altars:
Cheibriados
Dithmenos
Elyvilon
Fedhas
Gozag
Hepliaklqana
Kikubaaqudgha
Makhleb
Nemelex Xobeh
Okawaru
Qazlal
Ru
Sif Muna
Trog
Uskayaw
Vehumet
Wu Jian
Xom
Yredelemnul
Zin
The Shining One
Beogh
Jiyva
Lugonu


Innate Abilities, Weirdness & Mutations

You have a pair of horns on your head.
You reflexively headbutt those who attack you in melee.


Message History

The orc knight is moderately wounded.
The orc knight closely misses you.
The orc warrior hits you but does no damage.
An orc warrior comes into view. It is wielding a +0 mace.
You bludgeon the orc knight!!
The orc knight is heavily wounded.
The orc knight roars a battlecry!
The orcs go into a battle-frenzy!
The orc warrior hits you but does no damage.
You bludgeon the orc knight!!
The orc knight is almost dead.
The orc knight complains loudly, as Orcs often do.
The orc knight hits you with a +2 battleaxe.
You sock the orc knight!
You kill the orc knight!
Trog accepts your kill.
Your Fighting skill increases to level 20!
The orc warrior closely misses you.
The orc knight hits you with a +0 great sword.
Items here: $ )) [[ †.
You closely miss the orc knight. The orc knight barely misses you.
The orc warrior completely misses you.
You closely miss the orc knight.
The orc knight hits you with a +0 great sword!
The orc warrior yells repeatedly.
The orc warrior misses you.
The orc knight hits you with a +0 great sword!!
The orc warrior misses you.
You barely miss the orc knight.
The orc knight hits you with a +0 great sword!!
The orc warrior hits you from afar with a +0 glaive.
* * * LOW HITPOINT WARNING * * *
You hit the orc knight but do no damage.
The orc knight hits you with a +0 great sword!!
* * * LOW HITPOINT WARNING * * *
The orc warrior closely misses you.
A red film seems to cover your vision as you go berserk!
You feel yourself moving faster!
You feel mighty!
The orc warrior hits you from afar with a +0 glaive!!
You die...

▓▓▓▓▓▓▓▓▓▓▓▓▓▓▓▓▓▓▓▓▓▓▓▓
)))))...)....))$@oooo...
▓▓▓▓▓▓▓▓▓▓▓▓▓▓▓▓▓▓▓▓▓▓▓▓▓▓▓▓▓▓▓▓▓
.................................
▓▓▓▓▓▓▓▓▓▓▓▓▓▓▓▓▓▓▓▓▓▓▓▓▓▓▓▓▓▓▓▓▓
[.......'†.......)'†[.....†)'....
▓▓▓▓▓▓▓▓▓▓▓▓▓▓▓▓▓▓▓▓▓▓▓▓▓▓▓▓▓▓▓▓▓
.................................
▓▓▓▓▓▓▓▓▓▓▓▓▓▓▓▓▓▓▓▓▓▓▓▓▓▓▓▓▓▓▓▓▓
...'________________________'.?..


You could see an orc knight (strong), 2 orc warriors and an orc (strong).

Vanquished Creatures
  Josephine (D)
  A hydra (D)
  A catoblepas (D)
  A two-headed ogre (D)
  An orc high priest (D)
  An orc knight (D)
  An ugly thing (D)
  A cyclops (D)
  An elephant (D)
  4 cane toads (D)
  An unseen horror (D)
  A komodo dragon (D)
  2 rime drakes (D)
  A troll (D)
  A tyrant leech (D)
  4 blink frogs (D)
  A slime creature (D)
  A wyvern (D)
  6 wraiths (D)
  A basilisk (D)
  Eustachio (D)
  2 yaks (D)
  2 vampire mosquitoes (D)
  3 water moccasins (D)
  6 orc warriors (D)
  A centaur (D)
  2 wolves (D)
  2 bullfrogs (D)
  A gnoll sergeant (D)
  2 orc priests (D)
  2 hounds (D)
  5 orc wizards (D)
  8 orcs (D)
  An endoplasm (D)
  2 hobgoblins (D)
  A quokka (D)
  A rat (D)
74 creatures vanquished.

Notes
Turn   | Place    | Note
-------+----------+-------------------------------------------
     0 | D        | snetch the Minotaur Berserker began the quest for the Orb.
     0 | D        | Reached XP level 1. HP: 19/19 MP: 0/0
     6 | D        | Reached skill level 4 in Maces & Flails
     9 | D        | Reached ** piety under Trog
    47 | D        | Noticed a hound
    47 | D        | Noticed an orc wizard
    47 | D        | Noticed a centaur
    47 | D        | Noticed a hound
    50 | D        | Killed a hound
    51 | D        | Reached skill level 6 in Maces & Flails
    51 | D        | Reached XP level 2. HP: 30/30 MP: 1/1
    51 | D        | Reached XP level 3. HP: 37/37 MP: 2/2
    57 | D        | Reached *** piety under Trog
    63 | D        | Killed a centaur
    64 | D        | Reached skill level 8 in Maces & Flails
    64 | D        | Reached XP level 4. HP: 12/49 MP: 3/3
    64 | D        | Reached XP level 5. HP: 14/55 MP: 4/4
    66 | D        | Reached **** piety under Trog
   144 | D        | Found a roughly hewn altar of Beogh.
   144 | D        | Found a snail-covered altar of Cheibriados.
   144 | D        | Found a shadowy altar of Dithmenos.
   144 | D        | Found a white marble altar of Elyvilon.
   144 | D        | Found a blossoming altar of Fedhas.
   144 | D        | Found an opulent altar of Gozag.
   145 | D        | Found a hazy altar of Hepliaklqana.
   146 | D        | Found a viscous altar of Jiyva.
   147 | D        | Found an ancient bone altar of Kikubaaqudgha.
   148 | D        | Found a corrupted altar of Lugonu.
   149 | D        | Found a burning altar of Makhleb.
   150 | D        | Found a sparkling altar of Nemelex Xobeh.
   151 | D        | Found an iron altar of Okawaru.
   152 | D        | Found a stormy altar of Qazlal.
   153 | D        | Found a sacrificial altar of Ru.
   154 | D        | Found a shimmering blue altar of Sif Muna.
   155 | D        | Found a bloodstained altar of Trog.
   156 | D        | Found a hide-covered altar of Uskayaw.
   157 | D        | Found a radiant altar of Vehumet.
   158 | D        | Found an ornate altar of the Wu Jian Council.
   159 | D        | Found a shimmering altar of Xom.
   160 | D        | Found a basalt altar of Yredelemnul.
   161 | D        | Found a glowing silver altar of Zin.
   162 | D        | Found a glowing golden altar of the Shining One.
   221 | D        | Noticed a vampire mosquito
   221 | D        | Noticed an orc warrior
   221 | D        | Noticed an orc warrior
   221 | D        | Noticed a two-headed ogre
   223 | D        | Killed a vampire mosquito
   224 | D        | Reached skill level 10 in Fighting
   224 | D        | Reached skill level 10 in Maces & Flails
   224 | D        | Reached skill level 5 in Armour
   224 | D        | Reached skill level 5 in Dodging
   224 | D        | Reached XP level 6. HP: 66/66 MP: 5/5
   228 | D        | Killed an orc warrior
   229 | D        | Reached skill level 11 in Maces & Flails
   233 | D        | Killed a two-headed ogre
   234 | D        | Reached skill level 13 in Maces & Flails
   234 | D        | Reached XP level 7. HP: 79/79 MP: 6/6
   236 | D        | Reached XP level 8. HP: 86/86 MP: 7/7
   248 | D        | Killed an unseen horror
   249 | D        | Reached skill level 14 in Maces & Flails
   249 | D        | Reached skill level 1 in Stealth
   316 | D        | Noticed a troll
   316 | D        | Noticed a slime creature
   316 | D        | Noticed a cyclops
   316 | D        | Noticed a catoblepas
   316 | D        | Noticed a green ugly thing
   323 | D        | Killed a troll
   325 | D        | Killed a slime creature
   325 | D        | Reached ***** piety under Trog
   326 | D        | Reached skill level 15 in Maces & Flails
   329 | D        | Killed a cyclops
   330 | D        | Reached XP level 9. HP: 96/96 MP: 8/8
   333 | D        | Killed a catoblepas
   334 | D        | Reached skill level 15 in Fighting
   334 | D        | Reached skill level 16 in Maces & Flails
   352 | D        | Killed a green ugly thing
   352 | D        | Received a gift from Trog
   353 | D        | Reached skill level 17 in Maces & Flails
   353 | D        | Reached skill level 10 in Armour
   412 | D        | Noticed Eustachio
   427 | D        | Killed Eustachio
   519 | D        | Noticed a rime drake
   521 | D        | Noticed a cane toad
   524 | D        | Noticed a five-headed hydra
   528 | D        | Killed a rime drake
   529 | D        | Reached XP level 10. HP: 108/108 MP: 9/9
   537 | D        | Killed a cane toad
   538 | D        | Reached skill level 18 in Maces & Flails
   538 | D        | Reached skill level 1 in Shields
   542 | D        | Killed a five-headed hydra
   546 | D        | Reached ****** piety under Trog
   560 | D        | Noticed a cane toad
   560 | D        | Noticed a cane toad
   563 | D        | Noticed an elephant
   565 | D        | Received a gift from Trog
   574 | D        | Killed a cane toad
   577 | D        | Reached skill level 19 in Maces & Flails
   583 | D        | Killed a cane toad
   586 | D        | Killed an elephant
   682 | D        | Noticed a cane toad
   689 | D        | Killed a cane toad
   689 | D        | Received a gift from Trog
   699 | D        | Reached XP level 11. HP: 104/121 MP: 10/10
   700 | D        | Reached skill level 20 in Maces & Flails
   702 | D        | Received a gift from Trog
   762 | D        | Noticed Josephine
   772 | D        | Killed Josephine
   778 | D        | Received a gift from Trog
   954 | D        | Noticed an orc high priest
   969 | D        | Killed an orc high priest
   972 | D        | Received a gift from Trog
  1052 | D        | Reached skill level 21 in Maces & Flails
  1052 | D        | Received a gift from Trog
  1053 | D        | Noticed an orc knight
  1056 | D        | Noticed an orc knight
  1063 | D        | Killed an orc knight
  1069 | D        | Slain by an orc warrior

Illustrated notes

Levels and vault maps discovered:
D:        linesprint [early_d, line_temple, items_1, d_10, items_2, lair_1,
          lair_end, items_3, orc_1, orc_end, items_4, d_15, swamp_1, shoals_1,
          snake_1, spider_1, d_20, vaults_1, items_5, swamp_end, shoals_end,
          snake_end, spider_end, vaults_end, d_27, items_6, zot_1, zot_end,
          crypt_end, forest_end, elf_end, slime_end, tomb_end, abyss_end,
          pan_hell_end]

Skill      XL: |  1  2  3  4  5  6  7  8  9 10 11 |
---------------+----------------------------------+-----
Fighting       | 6 8 10 13 14 16 18 20 | 20.0
Maces & Flails | 6 8 10 13 15 17 19 21 | 21.1
Armour         | 3 4 5 7 9 10 13 14 | 14.2
Dodging        | 3 4 5 7 8 9 |  9.6
Stealth        | 1 2 |  2.3
Shields        | 3 4 |  4.4

Action                     |  1- 3 |  4- 6 |  7- 9 | 10-12 || total
---------------------------+-------+-------+-------+-------++-------
  Melee: Mace              |    20 |     2 |       |       ||    22
         Headbutt          |     3 |       |    13 |    22 ||    38
         Morningstar       |       |     9 |    53 |    53 ||   115
         Great mace        |       |       |       |    75 ||    75
 Invoke: Berserk           |     1 |     1 |     1 |     1 ||     4
         Trog's Hand       |       |     1 |     2 |     1 ||     4
 Armour: Animal skin       |    17 |     1 |       |       ||    18
         Scale mail        |       |     7 |    10 |       ||    17
         Plate armour      |       |       |    38 |    68 ||   106
  Dodge: Dodged            |    14 |     9 |    17 |    52 ||    92
  Block: Buckler           |       |       |     3 |     5 ||     8

Table legend: (Time is in decaauts)
 A = Elapsed time spent in this place.
 B = Non-inter-level travel time spent in this place.
 C = Inter-level travel time spent in this place.
 D = Time resting spent in this place.
 E = Time spent auto-exploring this place.
 F = Levels seen in this place.
 G = Mean time per level.
                   A        B        C        D        E       F      G
               +--------+--------+--------+--------+--------+-----+--------+
         Total |   1067 |   1067 |      0 |      0 |    542 |   1 | 1067.0 |
       Dungeon |   1067 |   1067 |      0 |      0 |    542 |   1 | 1067.0 |
               +--------+--------+--------+--------+--------+-----+--------+

Top non-repeatable levels by time:
       D: 1067 daAuts
